TOP OF THE 1ST |
Capital District Red Knights batting - Pitching for D.C. Divided : LHP Leslie Brooks
|
Pitching: LHP Leslie Brooks
|
|
Batting: RHB Manny Carbajal
|
0-0: Ball 1-0: Foul Ball, location: 2F 1-1: Ball 2-1: Ball 3-1: Foul Ball, location: 2F 3-2: Ground out 5-3 (Groundball, 56)
|
Batting: RHB Shawn Hicks
|
0-0: Ball 1-0: Foul Ball, location: 2F 1-1: Fly out, F9 (Flyball, 9LM)
|
Batting: RHB Tom Christensen
|
0-0: Ball 1-0: Fly out, F8 (Flyball, 8RM)
|
Top of the 1st over - 0 run(s), 0 hit(s), 0 error(s), 0 left on base; Capital District 0 - D.C. 0 |
BOTTOM OF THE 1ST |
D.C. Divided batting - Pitching for Capital District Red Knights : RHP Reed Taylor
|
Pitching: RHP Reed Taylor
|
|
Batting: RHB Tony Romero
|
0-0: Called Strike 0-1: Ball 1-1: SINGLE (Line Drive, 4M)
|
Batting: LHB Keith Bridges
|
0-0: Called Strike 0-1: Ball 1-1: Foul Ball, location: 2F 1-2: Ground out 5-3 (Groundball, 5S) Tony Romero to second
|
Batting: LHB Ray Sears
|
0-0: Ball 1-0: Foul Ball, location: 2F 1-1: Ball 2-1: Ground out 5-3 (Groundball, 5S) Tony Romero to third
|
Batting: LHB Mike Gardner
|
0-0: Ground out 6-3 (Groundball, 6)
|
Bottom of the 1st over - 0 run(s), 1 hit(s), 0 error(s), 1 left on base; Capital District 0 - D.C. 0 |
TOP OF THE 2ND |
Capital District Red Knights batting - Pitching for D.C. Divided : LHP Leslie Brooks
|
Batting: RHB Louis Henderson
|
0-0: Called Strike 0-1: Ground out 4-3 (Groundball, 34)
|
Batting: LHB Leonardo López
|
0-0: Ground out 5-3 (Groundball, 56)
|
Batting: RHB Martin Young
|
0-0: Ball 1-0: Called Strike 1-1: Ball 2-1: Foul Ball, location: 2F 2-2: Ball 3-2: Base on Balls
|
Batting: LHB Arturo Hernández
|
0-0: Ball 1-0: Fly out, F8 (Flyball, 8LM)
|
Top of the 2nd over - 0 run(s), 0 hit(s), 0 error(s), 1 left on base; Capital District 0 - D.C. 0 |
BOTTOM OF THE 2ND |
D.C. Divided batting - Pitching for Capital District Red Knights : RHP Reed Taylor
|
Batting: RHB Miguel Silva
|
0-0: Called Strike 0-1: Foul Ball, location: 2F 0-2: Ball 1-2: Foul Ball, location: 2F 1-2: Ball 2-2: Foul Ball, location: 2F 2-2: DOUBLE (Line Drive, 4M)
|
Batting: LHB Charles Mathes
|
0-0: SINGLE (Groundball, 4MD) Miguel Silva to third
|
Batting: LHB Brad Elmore
|
0-0: Ball 1-0: Foul Ball, location: 2F 1-1: Swinging Strike 1-2: Ball 2-2: Ball 3-2: Base on Balls Charles Mathes to second
|
Batting: SHB Félix Cruz
|
0-0: Called Strike 0-1: Fly out, F8 (Flyball, 78XD) Runner from 3rd tags up, SCORES, no throw Charles Mathes to third
|
Batting: RHB Cristo González
|
Pickoff Throw to First - Out! 0-0: Ball 1-0: Ball 2-0: Ball 3-0: Base on Balls
|
Batting: RHB Tony Romero
|
0-0: Ball 1-0: Foul Ball, location: 2F 1-1: Swinging Strike 1-2: Strikes out swinging
|
Bottom of the 2nd over - 1 run(s), 2 hit(s), 0 error(s), 2 left on base; Capital District 0 - D.C. 1 |
TOP OF THE 3RD |
Capital District Red Knights batting - Pitching for D.C. Divided : LHP Leslie Brooks
|
Batting: RHB Jason Weston
|
0-0: Ball 1-0: Ball 2-0: Ball 3-0: Base on Balls
|
Batting: LHB Arturo Acosta
|
0-0: Grounds into double play, 6-4-3 (Groundball, 6M)
|
Batting: RHB Manny Carbajal
|
0-0: Ball 1-0: Ball 2-0: Ball 3-0: Called Strike 3-1: Base on Balls
|
Batting: RHB Shawn Hicks
|
0-0: Ball 1-0: Ball 2-0: SINGLE (Line Drive, 7LS) Manny Carbajal to second
|
Batting: RHB Tom Christensen
|
0-0: Called Strike 0-1: Ball 1-1: Ball 2-1: Ball 3-1: Base on Balls Manny Carbajal to third Shawn Hicks to second
|
Batting: RHB Louis Henderson
|
0-0: Foul Ball, location: 2F 0-1: Foul Ball, location: 2F 0-2: Ball 1-2: Strikes out swinging
|
Top of the 3rd over - 0 run(s), 1 hit(s), 0 error(s), 3 left on base; Capital District 0 - D.C. 1 |
BOTTOM OF THE 3RD |
D.C. Divided batting - Pitching for Capital District Red Knights : RHP Reed Taylor
|
Batting: LHB Keith Bridges
|
0-0: Ball 1-0: Called Strike 1-1: Ground out 4-3 (Groundball, 4D)
|
Batting: LHB Ray Sears
|
0-0: Called Strike 0-1: Ground out U3 (Groundball, 3)
|
Batting: LHB Mike Gardner
|
0-0: Called Strike 0-1: Foul Ball, location: 2F 0-2: Fly out, F8 (Flyball, 8RS)
|
Bottom of the 3rd over - 0 run(s), 0 hit(s), 0 error(s), 0 left on base; Capital District 0 - D.C. 1 |
TOP OF THE 4TH |
Capital District Red Knights batting - Pitching for D.C. Divided : LHP Leslie Brooks
|
Batting: LHB Leonardo López
|
0-0: Ball 1-0: SINGLE (Groundball, 34D)
|
Batting: RHB Martin Young
|
0-0: Called Strike 0-1: Foul Ball, location: 2F 0-2: Ball Wild Pitch! Leonardo López to second 1-2: Ball 2-2: Foul Ball, location: 2F 2-2: Ground out 3-1 (Groundball, 34) Leonardo López to third
|
Batting: LHB Arturo Hernández
|
0-0: Foul Ball, location: 2F 0-1: Ball 1-1: Ball 2-1: Ground out 1-3 (Groundball, 13S)
|
Batting: RHB Jason Weston
|
0-0: Foul Ball, location: 2F 0-1: Ball 1-1: Foul Ball, location: 2F 1-2: Ball 2-2: Foul Ball, location: 2F 2-2: Strikes out swinging
|
Top of the 4th over - 0 run(s), 1 hit(s), 0 error(s), 1 left on base; Capital District 0 - D.C. 1 |
BOTTOM OF THE 4TH |
D.C. Divided batting - Pitching for Capital District Red Knights : RHP Reed Taylor
|
Batting: RHB Miguel Silva
|
0-0: Ball 1-0: Ball 2-0: Ball 3-0: Base on Balls
|
Batting: LHB Charles Mathes
|
0-0: Called Strike 0-1: Foul Ball, location: 2F 0-2: Foul Ball, location: 2F 0-2: Ball 1-2: Ball 2-2: Ball 3-2: Ground out 2-3 (Groundball, 23) Miguel Silva to second
|
Batting: LHB Brad Elmore
|
0-0: Ball 1-0: Foul Ball, location: 2F 1-1: Ground out 2-3 (Groundball, 2R) Miguel Silva to third
|
Batting: SHB Félix Cruz
|
0-0: Called Strike 0-1: Ball 1-1: Ground out 4-3 (Groundball, 34)
|
Bottom of the 4th over - 0 run(s), 0 hit(s), 0 error(s), 1 left on base; Capital District 0 - D.C. 1 |
TOP OF THE 5TH |
Capital District Red Knights batting - Pitching for D.C. Divided : LHP Leslie Brooks
|
Batting: LHB Arturo Acosta
|
0-0: SINGLE (Line Drive, 78S)
|
Batting: RHB Manny Carbajal
|
0-0: Bunted foul 0-1: Sac Bunt - play at first, batter OUT! 1-4 Arturo Acosta to second
|
Batting: RHB Shawn Hicks
|
0-0: Ball 1-0: Foul Ball, location: 2F 1-1: Fly out, F7 (Line Drive, 7D) Runner from 2nd tags up, SAFE at 3rd, no throw
|
Batting: RHB Tom Christensen
|
0-0: Ball 1-0: Foul Ball, location: 2F 1-1: Ball 2-1: Called Strike 2-2: Ball 3-2: Fly out, F8 (Flyball, 8RD)
|
Top of the 5th over - 0 run(s), 1 hit(s), 0 error(s), 1 left on base; Capital District 0 - D.C. 1 |
BOTTOM OF THE 5TH |
D.C. Divided batting - Pitching for Capital District Red Knights : RHP Reed Taylor
|
Batting: RHB Cristo González
|
0-0: Ball 1-0: Ball 2-0: Ground out 6-3 (Groundball, 6)
|
Batting: RHB Tony Romero
|
0-0: Ground out 4-3 (Groundball, 4MS)
|
Batting: LHB Keith Bridges
|
0-0: Ball 1-0: Foul Ball, location: 2F 1-1: Foul Ball, location: 2F 1-2: DOUBLE (Flyball, 78XD)
|
Batting: LHB Ray Sears
|
0-0: Ball 1-0: Ball 2-0: Ball 3-0: Base on Balls
|
Batting: LHB Mike Gardner
|
0-0: Ball 1-0: Fly out, F9 (Flyball, 89D)
|
Bottom of the 5th over - 0 run(s), 1 hit(s), 0 error(s), 2 left on base; Capital District 0 - D.C. 1 |
TOP OF THE 6TH |
Capital District Red Knights batting - Pitching for D.C. Divided : LHP Leslie Brooks
|
Batting: RHB Louis Henderson
|
0-0: Called Strike 0-1: Ball 1-1: Ball 2-1: Foul Ball, location: 2F 2-2: Ball 3-2: Foul Ball, location: 2F 3-2: Foul Ball, location: 2F 3-2: Ground out 6-3 (Groundball, 6M)
|
Batting: LHB Leonardo López
|
0-0: Ball 1-0: Ball 2-0: Ground out U3 (Groundball, 3)
|
Batting: RHB Martin Young
|
0-0: Called Strike 0-1: Called Strike 0-2: Ball 1-2: Ball 2-2: Strikes out swinging
|
Top of the 6th over - 0 run(s), 0 hit(s), 0 error(s), 0 left on base; Capital District 0 - D.C. 1 |
BOTTOM OF THE 6TH |
D.C. Divided batting - Pitching for Capital District Red Knights : RHP Reed Taylor
|
Batting: RHB Miguel Silva
|
0-0: Called Strike 0-1: Swinging Strike 0-2: Ball 1-2: Ball 2-2: Ball 3-2: Ground out 5-3 (Groundball, 5)
|
Batting: LHB Charles Mathes
|
0-0: Ball 1-0: Swinging Strike 1-1: Ground out 1-3 (Groundball, 25)
|
Batting: LHB Brad Elmore
|
0-0: Called Strike 0-1: Ball 1-1: Fly out, F6 (Popup, 56D)
|
Bottom of the 6th over - 0 run(s), 0 hit(s), 0 error(s), 0 left on base; Capital District 0 - D.C. 1 |
TOP OF THE 7TH |
Capital District Red Knights batting - Pitching for D.C. Divided : LHP Leslie Brooks
|
Batting: LHB Arturo Hernández
|
0-0: Called Strike 0-1: Ball 1-1: Ball 2-1: Called Strike 2-2: Ball 3-2: Fly out, F8 (Popup, 8RS)
|
Batting: RHB Jason Weston
|
0-0: Ball 1-0: Called Strike 1-1: Ball 2-1: Ball 3-1: Foul Ball, location: 2F 3-2: Reached on error, E5 (Groundball, 5S)
|
Pinch Hitting: LHB Stan Lewis
|
0-0: Foul Ball, location: 2F 0-1: Swinging Strike 0-2: Strikes out looking
|
Batting: RHB Manny Carbajal
|
0-0: Called Strike 0-1: Foul Ball, location: 2F 0-2: Strikes out looking
|
Top of the 7th over - 0 run(s), 0 hit(s), 1 error(s), 1 left on base; Capital District 0 - D.C. 1 |
BOTTOM OF THE 7TH |
D.C. Divided batting - Pitching for Capital District Red Knights : RHP Reed Taylor
|
Now at 1B: Mark Field
|
|
Batting: SHB Félix Cruz
|
0-0: Ball 1-0: Ball 2-0: Ball 3-0: Base on Balls
|
Pitching: RHP Reynaldo Díaz
|
|
Batting: RHB Cristo González
|
0-0: Bunted foul 0-1: Sac Bunt - play at second, runner OUT! 1-6
|
Batting: RHB Tony Romero
|
0-0: Grounds into double play, 1-6-3 (Groundball, 13)
|
Bottom of the 7th over - 0 run(s), 0 hit(s), 0 error(s), 0 left on base; Capital District 0 - D.C. 1 |
TOP OF THE 8TH |
Capital District Red Knights batting - Pitching for D.C. Divided : LHP Leslie Brooks
|
Batting: RHB Shawn Hicks
|
0-0: Swinging Strike 0-1: SINGLE (Groundball, 6MD)
|
Pinch Hitting: RHB Barry Dempsey
|
0-0: Ball 1-0: Ball 2-0: Ball 3-0: Foul Ball, location: 2F 3-1: Fly out, F8 (Flyball, 8LD)
|
Pitching: RHP Jesse Bowling
|
|
Batting: RHB Louis Henderson
|
0-0: Ball 1-0: Swinging Strike 1-1: Swinging Strike 1-2: Ball 2-2: Ball 3-2: Grounds into double play, 6-4-3 (Groundball, 6)
|
Top of the 8th over - 0 run(s), 1 hit(s), 0 error(s), 0 left on base; Capital District 0 - D.C. 1 |
BOTTOM OF THE 8TH |
D.C. Divided batting - Pitching for Capital District Red Knights : RHP Reynaldo Díaz
|
Now at 3B: Joreão Canosa
|
|
Batting: LHB Keith Bridges
|
0-0: Ball 1-0: Fly out, F8 (Flyball, 8LD)
|
Batting: LHB Ray Sears
|
0-0: Called Strike 0-1: Foul Ball, location: 2F 0-2: Ball 1-2: Ball 2-2: Foul Ball, location: 2F 2-2: Foul Ball, location: 2F 2-2: Ball 3-2: Base on Balls
|
Batting: LHB Mike Gardner
|
0-0: Ball 1-0: Called Strike 1-1: Foul Ball, location: 2F 1-2: Foul Ball, location: 2F 1-2: Ball 2-2: Ball 3-2: Foul Ball, location: 2F 3-2: Base on Balls Ray Sears to second
|
Batting: RHB Miguel Silva
|
0-0: Ball 1-0: Ball 2-0: Fly out, F4 (Popup, 4)
|
Batting: LHB Charles Mathes
|
0-0: Called Strike 0-1: Ball 1-1: Ball 2-1: Ball 3-1: Base on Balls Ray Sears to third Mike Gardner to second
|
Batting: LHB Brad Elmore
|
0-0: Ball 1-0: Ball 2-0: Ball 3-0: Base on Balls Ray Sears scores Mike Gardner to third Charles Mathes to second
|
Batting: SHB Félix Cruz
|
0-0: Foul Ball, location: 2F 0-1: Ball 1-1: Fly out, F9 (Flyball, 89D)
|
Bottom of the 8th over - 1 run(s), 0 hit(s), 0 error(s), 3 left on base; Capital District 0 - D.C. 2 |
TOP OF THE 9TH |
Capital District Red Knights batting - Pitching for D.C. Divided : RHP Jesse Bowling
|
Pitching: RHP Gabriel Hidalgo
|
|
Batting: LHB Leonardo López
|
0-0: Called Strike 0-1: Called Strike 0-2: Strikes out looking
|
Batting: RHB Martin Young
|
0-0: Ball 1-0: Fly out, F7 (Flyball, 78M)
|
Batting: LHB Arturo Hernández
|
0-0: Called Strike 0-1: Ball 1-1: Foul Ball, location: 2F 1-2: Ground out 4-3 (Groundball, 4)
|
Top of the 9th over - 0 run(s), 0 hit(s), 0 error(s), 0 left on base; Capital District 0 - D.C. 2 |
|